 Dungeon Crawl Stone Soup version 0.32-a0-913-g739538afd8 (webtiles) character file.

Game seed: 11416609869229049043

32 GiantSquids the Chopper (level 3, -1/31 HPs)
             Began as a Mountain Dwarf Fighter on Apr 7, 2024.
             Succumbed to a kobold's poison
             ... on level 2 of the Dungeon.
             The game lasted 00:01:32 (1387 turns).

GiantSquids the Chopper (Mountain Dwarf Fighter)    Turns: 1387, Time: 00:01:33

Health: -1/31      AC:  8    Str: 20    XL:     3   Next: 10%
Magic:  3/3        EV:  8    Int:  8    God:
Gold:   78         SH:  4    Dex:  9    Spells: 2/2 levels left

rFire   . . .        a - +0 war axe
rCold   . . .        c - +0 buckler
rNeg    + . .        b - +0 scale mail
rPois   .            h - +0 helmet
rElec   .            (no cloak)
rCorr   .            (no gloves)
SInv    .            (no boots)
Will    .....        (no amulet) Stlth
                     n - ring of positive energy
HPRegen 0.25/turn    (no ring)
MPRegen 0.08/turn

%: no passive effects
@: mighty, lethally poisoned (-1 -> -12)
A: runic magic, artefact enchanting
a: no special abilities


You were on level 2 of the Dungeon.
You visited 1 branch of the dungeon, and saw 2 of its levels.

You collected 78 gold pieces.

Inventory:

Hand Weapons
 a - a +0 war axe (weapon)
Missiles
 e - 26 stones (quivered)
Armour
 b - a +0 scale mail (worn)
 c - a +0 buckler (worn)
 h - a +0 helmet (worn)
Jewellery
 n - a ring of positive energy (left hand)
 r - a ring of flight
Scrolls
 f - a scroll of enchant weapon {unknown}
 g - 2 scrolls of blinking {unknown}
 j - a scroll of noise {unknown}
 k - a scroll of fear {unknown}
 l - a scroll of brand weapon {unknown}
 o - a scroll of immolation {unknown}
 p - a scroll of fog {unknown}
Potions
 i - a potion of enlightenment {unknown}
 m - 2 potions of berserk rage {unknown}
 q - a potion of curing {unknown}


   Skills:
 - Level 3.2 Fighting
 + Level 4.4 Axes
 - Level 3.2 Armour
 - Level 3.2 Shields


You had 2 spell levels left.
You didn't know any spells.
Your spell library contained the following spells:

 Spells                   Type           Power      Damage    Failure   Level
 Shock                    Conj/Air       0%         1d3       56%         1
 Swiftness                Air            0%         N/A       91%         3
 Airstrike                Air            0%         2d(0-16)  100%        4


Dungeon Overview and Level Annotations

Branches:
Dungeon (2/15)

Altars:

Annotations:
D:2 Terence


Innate Abilities, Weirdness & Mutations

Your spellcasting is much less encumbered by armour.
You can use scrolls of enchantment on lesser artefacts.


Message History

Terence shouts!
The kobold shouts!
The kobold throws a poisoned dart.
The poisoned dart hits you!
You are poisoned.
A ribbon worm comes into view.
You feel very sick.
You hit Terence.
Terence is lightly wounded.
You feel sick. Terence hits you but does no damage.
You barely miss Terence.
Terence is lightly wounded.
You feel sick.
Terence hits you with a +1 flail of protection.
Terence zaps a wand.
The puff of flame hits you but does no damage.
You slash Terence!
Terence is heavily wounded.
You feel sick.
The kobold throws a poisoned dart.
The poisoned dart hits you!
You are more poisoned.
Terence hits you with a +1 flail of protection.
You hit Terence but do no damage.
Terence is heavily wounded.
You feel sick.
The kobold throws a poisoned dart.
The poisoned dart closely misses you.
Terence hits you with a +1 flail of protection.
* * * LOW HITPOINT WARNING * * *
You slash Terence!
Terence is almost dead.
* * * LOW HITPOINT WARNING * * *
You feel very sick.
The kobold throws a poisoned dart.
The poisoned dart hits you!
You are lethally poisoned!
Terence barely misses you.
You feel very mighty all of a sudden.
* * * LOW HITPOINT WARNING * * *
You feel very sick.
Terence zaps a wand.
The puff of flame misses you.
You slash the ribbon worm!
The ribbon worm is heavily wounded.
You closely miss the kobold. You closely miss Terence.
You die...

#....#.......#
#....#..######
#....##..###
#....###...#
#....'...#.##
#....###.#..##
######
#.##..##
#.###.###..###
#..@@.#
##...####
#?....wK.#
###....##
#........#
####..#
#........#
##.###
#........#
#...##
#........#
###..#
#.<.......#
##..
#.........#
###


You could see Terence, a ribbon worm and a kobold.

Vanquished Creatures
  8 bats
  3 endoplasms (D:1)
  A giant cockroach (D:2)
  A hobgoblin (D:2)
  3 quokkas
  3 ball pythons (D:1)
  3 frilled lizards
  3 goblins (D:1)
  7 kobolds
  2 rats (D:2)
34 creatures vanquished.

Notes
Turn   | Place    | Note
-------+----------+-------------------------------------------
     0 | D:1      | GiantSquids the Mountain Dwarf Fighter began the quest for
                  | the Orb.
     0 | D:1      | Reached XP level 1. HP: 19/19 MP: 1/1
   161 | D:1      | Reached skill level 3 in Axes
   188 | D:1      | Reached XP level 2. HP: 26/26 MP: 2/2
   937 | D:2      | Reached skill level 4 in Axes
  1155 | D:2      | Reached XP level 3. HP: 26/31 MP: 3/3
  1379 | D:2      | Noticed Terence
  1387 | D:2      | Succumbed to a kobold's poison

Illustrated notes

Levels and vault maps discovered:
D:1:      minmay_arrival_diagonal_passages, layout_basic
D:2:      layout_basic, uniq_terence

Skill      XL: |  1  2 |
---------------+-------+-----
Axes           | 3 4 |  4.4
Fighting       | |  3.2
Armour         | |  3.2
Shields        | |  3.2

Action                     || total
---------------------------++-------
  Melee: War axe           ||   102
    Use: Potion            ||     1
 Armour: Scale mail        ||    86
  Dodge: Dodged            ||    44
  Block: Buckler           ||    24

Table legend: (Time is in decaauts)
 A = Elapsed time spent in this place.
 B = Non-inter-level travel time spent in this place.
 C = Inter-level travel time spent in this place.
 D = Time resting spent in this place.
 E = Time spent auto-exploring this place.
 F = Levels seen in this place.
 G = Mean time per level.
                   A        B        C        D        E       F      G
               +--------+--------+--------+--------+--------+-----+--------+
         Total |   1421 |   1368 |     53 |      0 |   1109 |   2 |  710.5 |
       Dungeon |   1421 |   1368 |     53 |      0 |   1109 |   2 |  710.5 |
               +--------+--------+--------+--------+--------+-----+--------+

Top non-repeatable levels by time:
     D:1: 920 daAuts
     D:2: 501 daAuts
